 Dungeon Crawl Stone Soup version 0.27-a0-931-g5a74e75d8f (webtiles) character file.

Game seed: 784763813037419331

1230 Alarkh the Insei (level 8, 0/96 HPs)
             Began as a Demonspawn Gladiator on Apr 10, 2021.
             Succumbed to a water moccasin's poison
             ... on level 5 of the Dungeon.
             The game lasted 00:08:54 (5450 turns).

Alarkh the Insei (Demonspawn Gladiator)             Turns: 5450, Time: 00:08:54

Health: 0/96       AC: 24    Str: 14    XL:     8   Next: 24%
Magic:  7/8        EV:  2    Int: 15    God:
Gold:   235        SH:  0    Dex: 14    Spells: 5/7 levels left

rFire    . . .     SeeInvis .     - Unarmed
rCold    . . .     Faith    .   (no shield)
rNeg     + + +     Spirit   +   (armour currently unavailable)
rPois    +         Reflect  .   (helmet currently unavailable)
rElec    .         Harm     .   (cloak currently unavailable)
rCorr    .         Rampage  .   (gloves currently unavailable)
Will     .....     NoTele   +   (boots currently unavailable)
Stlth    +.........             (no amulet)
HPRegen  0.26/turn              (no ring)
MPRegen  0.22/turn              (no ring)

@: brilliant, lethally poisoned (0 -> -2), tree-form, attractive
A: stationary, stasis, torment immunity, boosted hp, (claws 1), powered by death
1, magic shield, magic regeneration, big brain 1
a: no special abilities


You were on level 5 of the Dungeon.
You were a tree.
You visited 2 branches of the dungeon, and saw 7 of its levels.

You collected 235 gold pieces.

Inventory:

Missiles
 c - 3 throwing nets (quivered)
 f - 42 poisoned darts
Armour
 a - a +0 leather armour (melded)
 b - a +1 helmet (melded)
Wands
 o - a wand of polymorph (9)
Scrolls
 d - a scroll of immolation {unknown}
 e - a scroll of silence {unknown}
 h - 3 scrolls of magic mapping
 i - a scroll of noise {unknown}
 j - a scroll of torment {unknown}
 k - a scroll of enchant armour
 l - 3 scrolls of enchant weapon {unknown}
 m - a scroll of summoning
 n - a scroll of fog
 q - a scroll of teleportation {unknown}
 r - a scroll of identify
 t - a scroll of amnesia {unknown}
 v - a scroll of acquirement {unknown}
Potions
 p - 2 potions of flight


   Skills:
 + Level 6.0 Fighting
 - Level 1.7 Throwing
 - Level 2.6 Dodging
 * Level 7.9 Unarmed Combat


You had 5 spell levels left.
You knew the following spells:

 Your Spells              Type           Power      Damage    Failure   Level
a - Wereblood             Tmut           0%         N/A       38%         2

Your spell library contained the following spells:

 Spells                   Type           Power      Damage    Failure   Level
 Beastly Appendage        Tmut           0%         N/A       26%         1
 Spider Form              Tmut/Pois      0%         N/A       63%         3
 Ice Form                 Ice/Tmut       0%         N/A       95%         4
 Hydra Form               Tmut           0%         N/A       100%        5


Dungeon Overview and Level Annotations

Branches:
Dungeon (6/15)             Temple (1/1) D:5

Altars:
Cheibriados
Dithmenos
Elyvilon
Gozag
Nemelex Xobeh
Okawaru
Qazlal
Sif Muna
Zin
The Shining One

Annotations:
D:4 3 runed translucent doors, HoaS's ghost, amateur DjIE
D:5 1 runed translucent door, Topotin's ghost, novice DjFE


Innate Abilities, Weirdness & Mutations

You are a tree.
Your roots penetrate the ground, keeping you stationary.
You cannot be teleported.
You are immune to unholy pain and torment.
Your maximum health is greatly increased.
Your equipment is partially melded.
((You have sharp fingernails.))
You regenerate a little health from kills.
When hurt, damage is shared between your health and your magic reserves.
You regenerate magic rapidly.
You have an unusually large brain. (Int +2)


Message History

You feel very sick.
Your Fighting skill increases to level 6!
You start resting.
* * * LOW HITPOINT WARNING * * *
You feel very sick.
You start resting.
You feel very sick. x2
Magic restored.
* * * LOW HITPOINT WARNING * * *
You feel very sick.
It was a potion of flight.
You feel very buoyant.
You fly up into the air.
* * * LOW HITPOINT WARNING * * *
You feel very sick.
It was a potion of brilliance.
You feel clever all of a sudden.
* * * LOW HITPOINT WARNING * * *
You feel sick.
It was a potion of lignification.
You turn into a tree.
Your +0 helmet melds into your body.
Your +0 leather armour melds into your body.
Your roots penetrate the ground.
* * * LOW HITPOINT WARNING * * *
You feel sick.
It was a potion of attraction.
You feel attractive to monsters.
* * * LOW HITPOINT WARNING * * *
You feel sick.
As you read the scroll labelled GOPTIO CIOSHRU, it crumbles to dust.
You feel momentarily disoriented.
It was a scroll of magic mapping.
* * * LOW HITPOINT WARNING * * *
You feel sick.
As you read the scroll labelled UPOQIR PENK, it crumbles to dust.
It is a scroll of enchant armour.
Your +0 helmet glows green for a moment.
* * * LOW HITPOINT WARNING * * *
You feel sick.
Okay, then.
You die...

#.......####'##.....#S#..........
........# #.##.....#+#..........
........####..#..................
..##..........##.#.............#.
...+.............+.............#.
..##.........#.#.#.....[.......#.
..##.............#.............#.
..##..........#..#.....#.##....##
................♣#.....#.##......
.................+.....+.##......
#...............##.....####.#.#..
#...............##..........#.#..
+...........................#.#..
#.....###...#.#############.#.#..
#.....# #.###......# #<#.###
#.....# #.# ######.# ########.#
#####.# #.# ######.###........#


There were no monsters in sight!

Vanquished Creatures
  A water moccasin (D:5)
  A black bear (D:5)
  A sky beast (D:5)
  5 ogres
  A phantom (D:5)
  A bullfrog zombie (D:5)
  2 centaur zombies (D:5)
  A bullfrog skeleton (D:4)
  5 iguanas
  An orc wizard (D:4)
  2 hound skeletons (D:4)
  2 gnolls (D:5)
  6 adders
  A white imp (D:6)
  An adder skeleton (D:5)
  4 orcs
  3 endoplasms
  2 giant cockroaches (D:3)
  11 hobgoblins
  10 jackals
  6 quokkas
  8 ball pythons
  3 bats
  5 frilled lizards
  5 goblins
  10 kobolds
  5 rats
103 creatures vanquished.

Vanquished Creatures (others)
  5 toadstools (D:1)
5 creatures vanquished.

Grand Total: 108 creatures vanquished

Notes
Turn   | Place    | Note
-------+----------+-------------------------------------------
     0 | D:1      | Alarkh the Demonspawn Gladiator began the quest for the
                  | Orb.
     0 | D:1      | Reached XP level 1. HP: 16/16 MP: 1/1
   182 | D:1      | Reached skill level 3 in Unarmed Combat
   237 | D:1      | Gained mutation: You regenerate a little health from kills.
                  | [demonic ancestry]
   237 | D:1      | Reached XP level 2. HP: 13/22 MP: 2/2
   858 | D:2      | Reached XP level 3. HP: 17/28 MP: 3/3
  1279 | D:2      | Found a faded altar of an unknown god.
  1703 | D:3      | Reached skill level 4 in Unarmed Combat
  1703 | D:3      | Gained mutation: You have sharp fingernails. [demonic
                  | ancestry]
  1703 | D:3      | Reached XP level 4. HP: 8/35 MP: 4/4
  2345 | D:4      | Noticed an ogre
  2374 | D:4      | Killed an ogre
  2375 | D:4      | Reached skill level 5 in Unarmed Combat
  2375 | D:4      | Gained mutation: You regenerate magic rapidly. [demonic
                  | ancestry]
  2375 | D:4      | Reached XP level 5. HP: 12/42 MP: 5/5
  2593 | D:4      | Noticed an ogre
  2638 | D:4      | Killed an ogre
  2639 | D:4      | Gained mutation: When hurt, damage is shared between your
                  | health and your magic reserves. [demonic ancestry]
  2639 | D:4      | Reached XP level 6. HP: 21/48 MP: 6/6
  3343 | D:3      | Reached skill level 6 in Unarmed Combat
  3515 | D:4      | Reached XP level 7. HP: 32/55 MP: 4/7
  3618 | D:4      | Found a runed translucent gate.
  3618 | D:4      | Found a runed translucent gate.
  3618 | D:4      | Found a runed translucent gate.
  3715 | D:4      | Noticed HoaS's ghost (amateur DjIE)
  3996 | D:4      | Reached skill level 5 in Fighting
  4169 | D:4      | Learned a level 2 spell: Wereblood
  4185 | D:5      | Entered Level 5 of the Dungeon
  4231 | D:5      | Reached skill level 7 in Unarmed Combat
  4571 | D:5      | Found a runed translucent door.
  4584 | D:5      | Noticed Topotin's ghost (novice DjFE)
  4601 | D:5      | Found a staircase to the Ecumenical Temple.
  4610 | Temple   | Entered the Ecumenical Temple
  4925 | D:5      | Gained mutation: You have an unusually large brain. (Int
                  | +2) [demonic ancestry]
  4925 | D:5      | Reached XP level 8. HP: 48/64 MP: 6/8
  5269 | D:5      | Found an iron altar of Okawaru.
  5445 | D:5      | HP: 2/64 [poisoned by a water moccasin]
  5450 | D:5      | Succumbed to a water moccasin's poison

Illustrated notes

Levels and vault maps discovered:
D:1:      ldierk_walled_garden, layout_loops_ring, hangedman_decor_push
D:2:      layout_loops_ring, chequers_ecumenical_altar_island,
          kennysheep_generic_room_11
D:3:      layout_rooms, minmay_door_square
D:4:      minmay_opposing_rooms, layout_loops_ring, gammafunk_ghost_icy,
          minmay_misc_feat_rows
D:5:      layout_basic, okawaru_altar_gauntlet_db, minmay_temple_entry_grid,
          ebering_ghost_sewer_d, eino_curves_04
D:6:      layout_basic, nicolae_hepliaklqana_hazy_memory
Temple:   compressed_dpeg_triangle_lava_temple

Skill      XL: |  1  2  3  4  5  6  7  8 |
---------------+-------------------------+-----
Unarmed Combat | 3 4 5 6 7 |  7.9
Fighting       | 3 4 5 6 |  6.0
Throwing       | |  1.7
Dodging        | |  2.6

Action                   |  1- 3 |  4- 6 |  7- 9 || total
-------------------------+-------+-------+-------++-------
Melee: Unarmed           |   179 |   106 |   115 ||   400
       Punch             |     1 |     4 |     7 ||    12
Throw: Dart              |     5 |    27 |     7 ||    39
  Use: Potion            |     1 |     1 |     4 ||     6
       Scroll            |       |     3 |     2 ||     5
 Stab: Sleeping          |     1 |       |       ||     1
Armor: Leather armour    |    49 |    17 |    42 ||   108
Dodge: Dodged            |   116 |    71 |    77 ||   264

Table legend: (Time is in decaauts)
 A = Elapsed time spent in this place.
 B = Non-inter-level travel time spent in this place.
 C = Inter-level travel time spent in this place.
 D = Time resting spent in this place.
 E = Time spent auto-exploring this place.
 F = Levels seen in this place.
 G = Mean time per level.
                   A        B        C        D        E       F      G
               +--------+--------+--------+--------+--------+-----+--------+
         Total |   5420 |   5180 |    240 |    526 |   3744 |   7 |  774.3 |
       Dungeon |   5179 |   4952 |    227 |    526 |   3517 |   6 |  863.2 |
        Temple |    240 |    227 |     13 |      0 |    227 |   1 |  240.0 |
               +--------+--------+--------+--------+--------+-----+--------+

Top non-repeatable levels by time:
     D:4: 1453 daAuts
     D:3: 1235 daAuts
     D:5: 993 daAuts
     D:1: 797 daAuts
     D:2: 682 daAuts
  Temple: 240 daAuts
     D:6: 17 daAuts
